Map: Ruins of Seras

Players

imo

  • Race: Protoss Protoss
  • League: Silver

Morgoth - Winner!

  • Race: Zerg Zerg
  • League: Silver

VOD

Have the link to the VOD?

Description

Time

  • Played on: Nov. 11, 2015, 1:16 p.m.
  • Length: 18:24
Show
View Real Time Build Order
Export as new Build Order

imo Protoss 

Build Orders:  

Get SALT Encoding   

  12  0:01  Probe (Chrono Boost)  
  13  0:12  Probe (Chrono Boost)  
  14  0:19  Pylon  
  14  0:22  Probe (Chrono Boost)  
  15  0:37  Probe (Chrono Boost)  
  15  0:38  Gateway  
  16  0:48  Probe (Chrono Boost), Assimilator  
  17  0:58  Probe (Chrono Boost)  
  17  1:02  Assimilator  
  18  1:09  Probe (Chrono Boost)  
  19  1:19  Probe (Chrono Boost)  
  20  1:28  Cybernetics Core  
  20  1:30  Probe (Chrono Boost), Pylon  
  21  1:40  Probe (Chrono Boost)  
  22  1:50  Zealot  
  22  1:51  Probe (Chrono Boost)  
  22  1:52  Pylon  
  25  2:05  Mothership Core (Chrono Boost)  
  25  2:07  Warp Gate  
  27  2:18  Sentry  
  29  2:23  Probe (Chrono Boost)  
  30  2:34  Probe (Chrono Boost)  
  31  2:47  Sentry  
  33  2:55  Nexus  
  33  2:57  Probe (Chrono Boost)  
  34  3:10  Probe (Chrono Boost)  
  35  3:19  Robotics Facility  
  35  3:27  Probe (Chrono Boost)  
  36  3:28  Sentry, Pylon  
  36  3:30  Pylon  
  37  3:50  Probe (Chrono Boost)  
  38  4:01  Probe (Chrono Boost)  
  39  4:07  Observer  
  40  4:11  Probe (Chrono Boost)  
  41  4:18  Robotics Facility  
  41  4:22  Pylon  
  41  4:26  Probe x2 (Chrono Boost)  
  41  4:28  Sentry  
  41  4:30  Pylon  
  45  4:34  Pylon  
  45  4:36  Probe x2 (Chrono Boost), Observer  
  48  4:47  Probe (Chrono Boost)  
  48  4:48  Probe (Chrono Boost)  
  48  4:52  Stalker  
  52  5:05  Robotics Facility  
  52  5:06  Gateway  
  52  5:12  Robotics Bay  
  52  5:18  Immortal  
  56  5:22  Probe x2 (Chrono Boost), Assimilator  
  56  5:26  Assimilator  
  56  5:28  Pylon  
  58  5:45  Immortal  
  58  5:48  Probe (Chrono Boost)  
  58  5:49  Probe (Chrono Boost)  
  64  5:59  Probe x2 (Chrono Boost)  
  66  6:08  Disruptor  
  66  6:10  Probe x2 (Chrono Boost)  
  71  6:12  Zealot  
  73  6:22  Probe x2 (Chrono Boost)  
  75  6:28  Twilight Council  
  75  6:30  Pylon  
  75  6:36  Forge  
  75  6:38  Forge  
  75  6:39  Probe x2 (Chrono Boost)  
  77  6:43  Zealot x2  
  77  6:45  Disruptor x2  
  87  7:14  Zealot x2  
  87  7:15  Protoss Ground Weapons Level 1  
  91  7:20  Disruptor  
  91  7:21  Disruptor  
  97  7:26  Protoss Shields Level 1  
  97  7:35  Zealot x2  
  101  7:58  Nexus  
  101  7:59  Pylon  
  101  8:07  Gateway  
  101  8:09  Gateway  
  101  8:10  Probe x2 (Chrono Boost)  
  101  8:12  Gateway  
  103  8:13  Gateway, Zealot  
  103  8:14  Zealot  
  103  8:17  Charge (Chrono Boost)  
  107  8:20  Pylon  
  107  8:23  Pylon  
  105  8:35  Zealot x2  
  77  9:17  Immortal x2  
  77  9:20  Stalker x2  
  77  9:22  Stalker x3  
  77  9:24  Stalker  
  97  9:48  Nexus  
  97  9:50  Pylon  
  76  10:12  Stalker x3  
  76  10:13  Stalker x3  
  88  10:17  Observer  
  88  10:18  Observer  
  90  10:33  Probe  
  90  10:35  Probe  
  92  10:37  Protoss Shields Level 2 (Chrono Boost)  
  92  10:38  Disruptor, Protoss Ground Weapons Level 2 (Chrono Boost)  
  92  10:39  Disruptor  
  98  10:44  Stalker x4  
  98  10:45  Probe, Zealot  
  98  10:46  Zealot  
  98  10:47  Probe  
  112  10:58  Mothership Core  
  114  11:14  Disruptor  
  114  11:15  Probe  
  114  11:17  Probe  
  113  11:19  Probe  
  113  11:22  Zealot x3  
  113  11:23  Zealot x2  
  113  11:24  Zealot  
  126  11:26  Probe  
  126  11:29  Probe  
  126  11:31  Probe, Disruptor  
  132  11:36  Probe  
  133  11:41  Probe  
  133  11:43  Probe  
  133  11:44  Pylon x2  
  133  11:45  Assimilator  
  133  11:46  Pylon, Assimilator  
  135  11:47  Probe  
  135  11:49  Disruptor  
  135  11:53  Probe  
  140  11:55  Probe  
  140  11:57  Zealot x2  
  140  11:58  Zealot  
  140  11:59  Zealot  
  149  12:20  Probe  
  149  12:22  Probe x2  
  152  12:31  Probe  
  152  12:34  Probe x2  
  87  13:04  Stalker x2  
  87  13:05  Stalker x2  
  93  13:06  Stalker x2  
  93  13:08  Observer x2  
  101  13:14  Probe  
  101  13:15  Probe x2  
  104  13:29  Probe  
  104  13:30  Probe x2  
  107  13:34  Stalker x2  
  107  13:35  Stalker  
  107  13:36  Stalker  
  107  13:37  Nexus, Zealot  
  107  13:40  Pylon, Zealot  
  119  13:43  Pylon  
  119  13:52  Disruptor  
  119  13:53  Immortal  
  126  14:18  Stalker x2  
  126  14:19  Stalker x4  
  138  14:25  Probe  
  138  14:26  Probe  
  138  14:27  Probe  
  141  14:32  Photon Cannon  
  141  14:35  Photon Cannon  
  141  14:39  Photon Cannon  
  141  14:42  Photon Cannon  
  139  14:46  Assimilator  
  139  14:48  Stalker  
  139  14:49  Stalker x2  
  139  14:51  Assimilator  
  145  15:06  Stalker x2  
  145  15:07  Stalker  
  151  15:10  Immortal, Disruptor  
  158  15:26  Photon Cannon  
  158  15:30  Photon Cannon x2  
  158  15:32  Photon Cannon  
  158  15:41  Stalker x2  
  158  15:42  Stalker x3  
  168  15:45  Sentry  
  126  16:42  Stalker x4  
  126  16:43  Stalker x2  
  105  17:08  Immortal  
  109  17:18  Observer  
  109  17:21  Stalker x4  
  109  17:22  Stalker  
  112  17:24  Stalker  
  89  17:47  Observer  
  72  18:08  Stalker x3  
  72  18:09  Stalker x3  
  72  18:10  Probe  
  72  18:11  Probe x2  
Show
View Real Time Build Order
Export as new Build Order

Morgoth Zerg - Winner!

Build Orders: Pool First, Lurkers 

Get SALT Encoding   

  12  0:01  Drone  
  13  0:13  Overlord  
  13  0:18  Drone  
  14  0:35  Drone x2  
  16  0:36  Drone  
  17  0:48  Spawning Pool  
  16  0:52  Drone  
  17  1:01  Drone  
  18  1:20  Hatchery  
  18  1:24  Drone  
  18  1:26  Drone  
  18  1:29  Extractor  
  18  1:37  Zergling x2  
  19  1:41  Queen  
  21  1:48  Overlord  
  21  2:01  Drone  
  22  2:16  Queen  
  22  2:17  Drone  
  22  2:18  Zergling x2  
  26  2:27  Drone  
  26  2:39  Queen  
  26  2:40  Drone  
  26  2:41  Zergling x2  
  26  2:43  Metabolic Boost  
  30  2:50  Overlord  
  30  3:09  Drone x2  
  30  3:10  Drone  
  30  3:11  Drone x2  
  30  3:12  Zergling x2  
  36  3:19  Drone  
  38  3:20  Drone  
  38  3:22  Lair  
  38  3:24  Extractor  
  37  3:38  Drone x2, Zergling x4  
  37  3:39  Drone x2  
  43  4:01  Drone  
  43  4:02  Overlord  
  44  4:05  Hatchery, Extractor  
  42  4:28  Evolution Chamber  
  42  4:29  Evolution Chamber  
  40  4:32  Roach Warren  
  40  4:35  Queen  
  43  4:38  Drone x8  
  43  4:43  Overlord  
  49  4:58  Drone x3, Overlord  
  52  5:02  Spore Crawler  
  51  5:07  Zerg Ground Armor Level 1  
  51  5:11  Zerg Missile Weapons Level 1  
  51  5:18  Hydralisk Den  
  50  5:30  Glial Reconstitution  
  50  5:33  Drone x6  
  50  5:34  Drone  
  57  5:39  Spore Crawler  
  56  5:47  Lurker Den  
  55  5:52  Extractor  
  55  5:56  Drone x5  
  55  5:57  Drone  
  60  5:58  Roach  
  60  6:03  Overseer  
  62  6:10  Drone x2  
  62  6:11  Hydralisk, Roach x2  
  64  6:13  Overlord  
  70  6:24  Drone x2  
  72  6:27  Overlord x2  
  72  6:50  Hydralisk  
  72  6:51  Overlord, Hydralisk x3  
  72  6:52  Hydralisk x2, Roach x3  
  72  6:53  Roach x2  
  94  6:55  Drone  
  94  6:57  Extractor  
  94  7:16  Hydralisk x3  
  94  7:17  Hydralisk x2  
  94  7:20  Lurker  
  94  7:21  Overlord x3  
  105  7:28  Drone, Extractor  
  105  7:40  Lurker  
  105  7:41  Overseer  
  106  7:48  Overlord, Hydralisk, Roach  
  106  7:49  Hydralisk x5  
  106  7:50  Roach x3  
  126  7:58  Drone x2  
  128  8:13  Hydralisk x2  
  128  8:14  Hydralisk  
  128  8:15  Roach  
  125  8:54  Hydralisk, Roach  
  125  8:55  Hydralisk x9, Roach x6  
  123  9:07  Hydralisk x3  
  105  9:19  Drone  
  105  9:20  Drone x3  
  109  9:27  Hatchery  
  108  9:33  Lurker x3  
  108  9:36  Ravager  
  112  9:41  Zergling x8  
  112  9:42  Drone x2  
  89  10:11  Drone  
  89  10:12  Drone x6  
  89  10:13  Drone x5  
  101  10:23  Zerg Ground Armor Level 2, Zerg Missile Weapons Level 2  
  101  10:37  Zergling x6  
  101  10:38  Zergling x6  
  101  10:42  Hatchery  
  106  10:53  Drone, Hydralisk x5  
  106  10:54  Hydralisk x8  
  133  11:08  Lurker x3  
  136  11:12  Hydralisk x3  
  138  11:26  Hydralisk x2  
  138  11:27  Overlord x5  
  143  11:32  Zergling x2  
  143  11:33  Overlord  
  143  11:34  Overlord  
  143  11:41  Overlord x2  
  143  11:59  Infestation Pit  
  143  12:00  Extractor, Muscular Augments  
  143  12:01  Tunneling Claws  
  141  12:03  Roach x4  
  141  12:04  Roach x4, Extractor  
  156  12:11  Hydralisk x5  
  166  12:20  Hydralisk  
  166  12:21  Hydralisk x2  
  154  12:43  Hydralisk  
  115  12:44  Hydralisk x7  
  115  12:49  Hydralisk  
  115  12:50  Hydralisk  
  118  12:52  Zergling x2  
  118  12:53  Zergling x14  
  118  13:08  Queen  
  120  13:12  Hive  
  120  13:16  Spire  
  120  13:19  Queen  
  119  13:21  Drone  
  119  13:22  Drone x3  
  119  13:26  Zergling x8  
  129  13:28  Zerg Melee Weapons Level 1  
  129  13:34  Evolution Chamber  
  128  13:37  Hatchery, Lurker x2  
  128  13:38  Lurker  
  130  13:49  Roach x4  
  130  13:50  Roach x2  
  142  14:05  Hydralisk x3  
  142  14:06  Roach x6  
  160  14:44  Hatchery  
  155  14:54  Hydralisk, Zergling x2  
  157  15:04  Ultralisk Cavern  
  153  15:14  Zerg Ground Armor Level 3  
  153  15:15  Zerg Missile Weapons Level 3  
  153  15:24  Spore Crawler  
  153  15:27  Spine Crawler  
  151  15:29  Viper x3  
  151  15:33  Spore Crawler  
  159  15:37  Extractor  
  159  15:40  Extractor  
  159  15:41  Ravager  
  159  15:42  Ravager  
  151  16:33  Mutalisk x2  
  151  16:34  Mutalisk x9  
  151  16:37  Zergling x8  
  151  16:38  Zergling x10  
  152  17:22  Ultralisk x3  
  164  17:23  Ultralisk  
Tags
 
Composition
Lurkers
Matchup
PvZ
Opening
Pool First
Add a new tag
Caveats
  • Supply blocks, unpowered buildings, or Contaminate may cause inaccurate times.
  • Supply counts are checked every 10 seconds.